 Dungeon Crawl Stone Soup version 0.31-a0-221-gbddc013574 (webtiles) character file.

Game seed: 9344776139004959961

57 qw the Chopper (level 4, 0/28 HPs)
             Began as a Gargoyle Fighter on July 4, 2023.
             Slain by a gnoll
             ... wielding a +0 spear
              (4 damage)
             ... on level 2 of the Dungeon.
             The game lasted 00:00:26 (825 turns).

qw the Chopper (Gargoyle Fighter)                    Turns: 825, Time: 00:00:26

Health: 0/28       AC: 10    Str: 21    XL:     4   Next: 0%
Magic:  4/4        EV:  9    Int:  9    God:
Gold:   61         SH:  4    Dex:  9    Spells: 3/3 levels left

rFire   . . .        Y - +0 war axe (chaos)
rCold   . . .        c - +0 buckler
rNeg    + . .        b - +0 scale mail
rPois   inf          (no helmet)
rElec   +            (no cloak)
rCorr   .            (no gloves)
SInv    .            (no boots)
Will    .....        (no amulet) Stlth
                     (no ring)
HPRegen 1.04/turn    (no ring)
MPRegen 0.09/turn

%: no passive effects
@: no status effects
A: sickness immunity, AC +3, negative energy resistance 1, electricity
resistance, torment resistance 1, petrification resistance, regeneration 1
a: no special abilities


You were on level 2 of the Dungeon.
You visited 1 branch of the dungeon, and saw 2 of its levels.

You collected 61 gold pieces.


Innate Abilities, Weirdness & Mutations

You are immune to sickness and miasma.
Your stone body is resilient. (AC +3)
You are immune to poison.
You resist negative energy. (rN+)
You are resistant to electric shocks. (rElec)
You are resistant to unholy torment.
You are immune to petrification.
Your natural rate of healing is unusually fast.


   Skills:
 - Level 3.2 Fighting
 + Level 3.5 Axes
 - Level 1.0 Throwing
 - Level 3.2 Armour
 - Level 3.2 Shields


You had 3 spell levels left.
You didn't know any spells.
Your spell library was empty.

Inventory:

Hand Weapons
 f - a +0 club
 m - a +0 hand axe
 Y - a +0 war axe of chaos (weapon)
Missiles
 l - 3 javelins
Armour
 b - a +0 scale mail (worn)
 c - a +0 buckler (worn)
Scrolls
 e - 3 scrolls of noise {unknown}
 i - a scroll of fear {unknown}
 k - a scroll of immolation {unknown}
Potions
 a - a potion of curing {unknown}
 d - a potion of might
 g - a potion of enlightenment {unknown}
 h - a potion of mutation
 j - a potion of attraction {unknown}

Dungeon Overview and Level Annotations

Branches:
Dungeon (2/15)

Altars:


Message History

The gnoll hits you but does no damage. You block the gnoll's attack.
You barely miss the gnoll.
The gnoll is severely wounded.
You slash the gnoll! You burn the gnoll.
You kill the gnoll!
The gnoll hits you from afar with a +0 spear!
The gnoll hits you with a +0 spear. x2; The gnoll misses you.
You have reached level 4!
You feel clever.
You hit the gnoll.
The gnoll is severely wounded.
The gnoll barely misses you. The gnoll hits you with a +0 spear.
You barely miss the gnoll.
The gnoll is severely wounded.
The gnoll hits you but does no damage. The gnoll barely misses you.
You barely miss the gnoll.
The gnoll is severely wounded.
The gnoll barely misses you. The gnoll hits you with a +0 spear.
The gnoll hits you from afar with a +0 spear.
The gnoll barely misses you.
You closely miss the gnoll.
The gnoll is severely wounded.
The gnoll hits you but does no damage. You block the gnoll's attack.
You barely miss the gnoll.
The gnoll is severely wounded.
You block the gnoll's attack. The gnoll completely misses you.
You hit the gnoll. You burn the gnoll.
The gnoll is almost dead.
The gnoll hits you from afar with a +0 spear.
The gnoll barely misses you. You block the gnoll's attack.
The gnoll hits you with a +0 spear.
You barely miss the gnoll.
The gnoll is almost dead.
The gnoll hits you but does no damage. x2
You hit the gnoll. You burn the gnoll.
The gnoll is almost dead.
The gnoll hits you but does no damage. The gnoll hits you with a +0 spear.
You slash the gnoll! You freeze the gnoll.
You kill the gnoll!
The gnoll hits you from afar with a +0 spear.
You die...

........####+#######
#..............#
.##...#####......#######
......+.......).........
......##########.#.#####
.........# ####.#.#
.........# #....#.#
.....g)..####....#.#
#)@.........#.#
#......<....#.###
#.......###.....#
#...........#.#.#
#.......#####.#.###
##.......# #.#...#
#........# #.###..
#.....#### #......
#.....# ######.


You could see a gnoll.

Vanquished Creatures
  2 gnolls (D:2)
  An adder (D:2)
  3 endoplasms
  A giant cockroach (D:2)
  4 goblins
  2 hobgoblins (D:1)
  7 jackals (D:1)
  A quokka (D:1)
  5 ball pythons
  A bat (D:1)
  A frilled lizard (D:2)
  4 kobolds (D:1)
  6 rats (D:1)
38 creatures vanquished.

Notes
Turn   | Place    | Note
-------+----------+-------------------------------------------
     0 | D:1      | qw the Gargoyle Fighter began the quest for the Orb.
     0 | D:1      | Reached XP level 1. HP: 14/14 MP: 1/1
     0 | D:1      | 0 ||| qw: Version: 0.3-a-41-g9d075ac
     0 | D:1      | 0 ||| qw: Game counter: 805
     0 | D:1      | 0 ||| qw: Melee chars always use a shield: true
     0 | D:1      | 0 ||| qw: God list: Okawaru
     0 | D:1      | 0 ||| qw: Allow faded altars: false
     0 | D:1      | 0 ||| qw: Do Orc after clearing Dungeon:15 true
     0 | D:1      | 0 ||| qw: Do second Lair branch before Depths: true
     0 | D:1      | 0 ||| qw: Lair rune preference: random
     0 | D:1      | 0 ||| qw: Goals: Normal, Zot:1-4, Slime:5, God:TSO, Crypt,
                  | Tomb, Abyss, Pan, Hells, Win
     0 | D:1      | 0 ||| PLANNING D:1-11
    23 | D:1      | Reached XP level 2. HP: 12/19 MP: 2/2
   134 | D:1      | 134 ||| Stepping ~*~*~tactically~*~*~ (stealth).
   229 | D:1      | 229 ||| Stepping ~*~*~tactically~*~*~ (stealth).
   236 | D:1      | Reached skill level 3 in Axes
   299 | D:1      | Reached XP level 3. HP: 18/23 MP: 3/3
   496 | D:1      | 496 ||| READING scroll labelled JEIKKU YNEITH.
   497 | D:1      | 497 ||| DRINKING 2 black potions.
   497 | D:1      | Gained mutation: Your natural rate of healing is unusually
                  | fast. [potion of mutation]
   583 | D:2      | Reached skill level 1 in Throwing
   629 | D:2      | 629 ||| Stepping ~*~*~tactically~*~*~ (stealth).
   817 | D:2      | Reached XP level 4. HP: 10/28 MP: 4/4
   819 | D:2      | HP: 6/28 [gnoll/+0 spear (2)]
   824 | D:2      | HP: 3/28 [gnoll/+0 spear (6)]
   825 | D:2      | Slain by a gnoll

Levels and vault maps discovered:
D:1:      minmay_arrival_arboretum_small, layout_rooms
D:2:      layout_basic, basic_altar, uniq_terence

Skill      XL: |  1  2  3 |
---------------+----------+-----
Axes           | 2 3 |  3.5
Throwing       | 1 |  1.0
Fighting       | |  3.2
Armour         | |  3.2
Shields        | |  3.2

Action                     |  1- 3 |  4- 6 || total
---------------------------+-------+-------++-------
  Melee: War axe           |    60 |     9 ||    69
  Throw: Javelin           |    25 |       ||    25
    Use: Scroll            |     1 |       ||     1
         Potion            |     1 |       ||     1
 Armour: Scale mail        |    42 |     5 ||    47
  Dodge: Dodged            |    29 |     6 ||    35
  Block: Buckler           |    18 |     3 ||    21

Table legend:
 A = Non-vault XP
 B = Vault XP
 C = Vault XP percentage of total XP
 D = Non-vault monster count
 E = Vault monster count
 F = Vault count percentage of total count
                 A         B        C        D         E       F
            +---------+---------+-------+---------+---------+-------
      Total |      97 |       0 |   0.0 |      38 |       0 |   0.0
            +---------+---------+-------+---------+---------+-------
        D:1 |      42 |       0 |   0.0 |      28 |       0 |   0.0
        D:2 |      55 |       0 |   0.0 |      10 |       0 |   0.0
            +---------+---------+-------+---------+---------+-------
